 Dungeon Crawl Stone Soup version 0.30.1-4-g462c640d31 (webtiles) character file.

Game seed: 14483852446205375035

11 hawla the Firebug (level 2, -7/20 HPs)
             Began as a Meteoran Fire Elementalist on Aug 24, 2023.
             Mangled by Grinder (10 damage)
             ... while paralysed by Grinder
             ... on level 3 of the Dungeon.
             The game lasted 00:01:30 (225 turns).

hawla the Firebug (Meteoran Fire Elementalist)       Turns: 225, Time: 00:01:31

Health: -7/20      AC:  2    Str:  9    XL:     2   Next: 58%
Magic:  1/7        EV:  2    Int: 16    God:
Gold:   48         SH:  0    Dex: 14    Spells: 4/7 levels left

rFire   . . .        (no weapon)
rCold   . . .        (no shield)
rNeg    . . .        a - +0 robe
rPois   .            (no helmet)
rElec   .            (no cloak)
rCorr   .            (no gloves)
SInv    .            (no boots)
Will    .....        (no amulet)
Stlth   +            (no ring)
HPRegen 0.23/turn    (no ring)
MPRegen 0.10/turn

%: no passive effects
@: paralysed, glowing
A: sense surroundings 1, otherworldly, glowing, explore regen
a: no special abilities


You were on level 3 of the Dungeon.
You visited 1 branch of the dungeon, and saw 3 of its levels.

You collected 48 gold pieces.

Inventory:

Armour
 a - a +0 robe (worn)
Jewellery
 f - a ring of ice
Scrolls
 c - a scroll of teleportation {unknown}
 e - a scroll of silence {unknown}
Potions
 b - a potion of magic
 d - a potion of brilliance {unknown}
 g - a potion of berserk rage {unknown}


   Skills:
 + Level 2.6 Dodging
 - Level 1.4 Stealth
 + Level 3.0 Spellcasting
 + Level 1.2 Conjurations
 + Level 4.1 Fire Magic


You had 4 spell levels left.
You knew the following spells:

 Your Spells              Type           Power      Damage    Failure   Level
a - Foxfire               Conj/Fire      44%        2x1d6     6%          1
b - Scorch                Fire           30%        2d6       4%          2

Your spell library contained the following spells:

 Spells                   Type           Power      Damage    Failure   Level
 Inner Flame              Hex/Fire       9%         N/A       24%         3
 Volatile Blastmotes      Fire/Tloc      18%        2d11      24%         3
 Flame Wave               Conj/Fire      11%        2d6       52%         4


Dungeon Overview and Level Annotations

Branches:
Dungeon (3/15) Zot: 1574

Altars:

Annotations:
D:3 Grinder


Innate Abilities, Weirdness & Mutations

You passively map a small area around you.
You are easily found by Zot.
You glow in the dark.
You regain HP and MP as you explore.


Message History

No target in view!
Found a club.
You see here a dart slug corpse.
HP restored.
You now have 48 gold pieces (gained 3).
e - a scroll labelled GEANTO ROREOMI
Found a stone staircase leading down.
Found a glass ring.
Found an escape hatch in the ceiling.
There is a stone staircase leading down here.
Found a sedimented blue potion.
f - a ring of ice
g - a sedimented blue potion
There is a stone staircase leading down here.
You climb downwards.
Grinder shouts!
Found a hand axe, a leather armour and a spear.
There is a stone staircase leading up here.
Casting: Foxfire (safe; 6% risk of failure)
Confirm with . or Enter, or press ? or * to list all spells.
Flames lash Grinder.
Grinder is lightly wounded.
Grinder's fire resistance burns away.
Casting: Scorch (safe; 4% risk of failure)
Confirm with . or Enter, or press ? or * to list all spells.
Flames lash Grinder.
Grinder is burned terribly!
Grinder is lightly wounded.
Casting: Scorch (safe; 4% risk of failure)
Confirm with . or Enter, or press ? or * to list all spells.
Flames lash Grinder.
Grinder is burned terribly!
Grinder is heavily wounded.
Grinder gestures at you.
You suddenly lose the ability to move!
Grinder hits you. x2
You writhe in agony.
* * * LOW HITPOINT WARNING * * *
Grinder hits you.
* * * LOW HITPOINT WARNING * * *
Grinder hits you!
Ouch! That really hurt!
You die...

,, * ..#,* .# ..
* ) .. .# ##.# *
* *.. ..*
....... , #.#.
##. .... ** ,
.......[..# * *
...#..#.#..##.#
,.......5.......
* , #@#
..............#
....#.#######)#
, .. ... , ,*
,,..., , ,,** *
####* * , , , *
, * ** * * , *


You could see Grinder (combustible).

Vanquished Creatures
  A dart slug (D:2)
  2 ball pythons (D:1)
  A bat (D:2)
  A hobgoblin (D:2)
  A quokka (D:2)
  2 frilled lizards (D:1)
  A kobold (D:2)
  A rat (D:1)
10 creatures vanquished.

Vanquished Creatures (others)
  17 foxfires
17 creatures vanquished.

Grand Total: 27 creatures vanquished

Notes
Turn   | Place    | Note
-------+----------+-------------------------------------------
     0 | D:1      | hawla the Meteoran Fire Elementalist began the quest for
                  | the Orb.
     0 | D:1      | Reached XP level 1. HP: 14/14 MP: 5/5
    78 | D:1      | Reached skill level 4 in Fire Magic
   140 | D:2      | Reached XP level 2. HP: 20/20 MP: 3/6
   147 | D:2      | Learned a level 2 spell: Scorch
   218 | D:3      | Noticed Grinder
   221 | D:3      | Paralysed by Grinder for 5 turns
   225 | D:3      | Mangled by Grinder

Illustrated notes

Levels and vault maps discovered:
D:1:      erik_arrival_orb_chamber, layout_loops_ring,
          chequers_ecumenical_altar_lobes, serial_bayou_crossing
D:2:      layout_basic, kennysheep_generic_room_4
D:3:      layout_basic, general_overflow_altar, uniq_grinder

Skill      XL: |  1  2 |
---------------+-------+-----
Fire Magic     | 4 |  4.1
Spellcasting   | 3 |  3.0
Dodging        | |  2.6
Stealth        | |  1.4
Conjurations   | |  1.2

Action                     || total
---------------------------++-------
  Melee: Unarmed           ||     6
         Punch             ||     1
   Cast: Foxfire           ||    11
         Scorch            ||     3
 Armour: Robe              ||     3
  Dodge: Dodged            ||     2
